 Dungeon Sprint DCSS version 0.20.1-1-g8b1a95d (webtiles) character file.

4358 JustSomeDude the Imperceptible (level 10, -3/77 HPs)
             Began as a Vampire Assassin on Aug 27, 2017.
             Was a Priest of Dithmenos.
             Slain by a demonic crawler (5 damage)
             ... in the Dungeon (Sprint I: "Red Sonja").
             The game lasted 00:07:56 (1301 turns).

JustSomeDude the Imperceptible (Vampire Assassin)   Turns: 1301, Time: 00:07:57

Health: -3/77      AC:  3    Str: 10    XL:     10   Next: 12%
Magic:  15/16      EV: 15    Int: 14    God:    Dithmenos [***...]
Gold:   649        SH:  0    Dex: 19    Spells: 12/17 levels left

rFire    . . .     SeeInvis +   p - +1 dagger (venom)
rCold    . . .     Gourm    .   (no shield)
rNeg     + . .     Faith    .   c - +0 robe
rPois    .         Spirit   .   (no helmet)
rElec    .         Reflect  .   d - +0 cloak
rCorr    .         Harm     .   (no gloves)
MR       +....     NoTele   +   (no boots)
Stlth    ++++++++++             (no amulet)
Regen    0.3/turn               (no ring)
MPRegen  0.2/turn               (no ring)

@: wreathed by umbra
A: fangs 3, see invisible, unbreathing
a: Bat Form, Shadow Step, Renounce Religion


You were in the Dungeon.
You worshipped Dithmenos.
Dithmenos was most pleased with you.
You were not thirsty.

You visited 1 branch You collected 829 gold pieces.
You spent 180 gold pieces at shops.

Inventory:

Hand Weapons
 a - a +2 dagger
 b - a +0 blowgun
 j - a +0 shortbow
 p - a +1 dagger of venom (weapon)
Missiles
 e - 8 poisoned needles
 f - 10 curare-tipped needles
 i - 40 arrows
Armour
 c - a +0 robe (worn)
 d - a +0 cloak (worn)
Wands
 n - a wand of flame (15/48)
 o - a wand of acid (1/15)
 q - a wand of paralysis (7/24)
Scrolls
 m - a scroll of blinking
 r - a scroll of fog {unknown}
 s - a scroll of magic mapping {unknown}
 t - a scroll of identify {unknown}
Potions
 g - 8 potions of blood
 h - 3 potions of curing
 k - 2 potions of magic
 l - a potion of cancellation {unknown}
Books
 u - a book of Geomancy

   Spells                             Type                      Level
   a - Sandblast                      Earth                        1
   b - Passwall                       Transmutation/Earth          2
   c - Stone Arrow                    Conjuration/Earth            3
   d - Petrify                        Transmutation/Earth          4
   e - Lee's Rapid Deconstruction     Earth                        5


   Skills:
 + Level 6.7 Fighting
 + Level 9.9 Short Blades
 + Level 5.5 Throwing
 + Level 4.0 Dodging
 + Level 25.1 Stealth
 * Level 4.1 Spellcasting
 * Level 4.6 Earth Magic
 + Level 1.5 Evocations


You had 12 spell levels left.
You knew the following spells:

 Your Spells              Type           Power        Failure   Level  Hunger
a - Lee's Rapid Deconstr  Erth           ###.......   61%         5    ######.


Dungeon Overview and Level Annotations

Branches:
Dungeon (1/1)

Altars:
Cheibriados
Dithmenos
Elyvilon
Fedhas
Gozag
Hepliaklqana
Kikubaaqudgha
Makhleb
Nemelex Xobeh
Okawaru
Qazlal
Ru
Sif Muna
Trog
Uskayaw
Vehumet
Xom
Yredelemnul
Zin
The Shining One
Jiyva
Lugonu

Shops:
D }[


Innate Abilities, Weirdness & Mutations

You have razor-sharp teeth.
You have supernaturally acute eyesight. (SInv)
You can survive without breathing.


Message History

Evoke which item? (* to show all) (? for menu, Esc to quit)
Aiming: Paralyse (will waste charges)
Press: ? - help, Shift-Dir - straight line, f/p - demonic crawler
Aim: a demonic crawler (severely wounded, poisoned, clinging, umbra, chance to defeat MR: 2%)
The demonic crawler resists with almost no effort.
Evoking this partially-identified wand wasted a few charges.
The demonic crawler hits you.
* * * LOW HITPOINT WARNING * * *
The demonic crawler completely misses you.
The demonic crawler hits you!
* * * LOW HITPOINT WARNING * * *
You feel better. The demonic crawler hits you!
* * * LOW HITPOINT WARNING * * *
The demonic crawler hits you.
* * * LOW HITPOINT WARNING * * *
The demonic crawler hits you.
* * * LOW HITPOINT WARNING * * *
The demonic crawler completely misses you.
The demonic crawler hits you.
You die...

###################
..#.)'..#__#..'..)#
.)'..#..'..'..#.@s##+#
#'#####'#__####)..'.†#
..#...#)####§[#####..+
###..##.#§§§§.# #+##
__##'#..+§§§§§+
...'..)_#≈§§§.#
__##_.#'##§####
__###'#.#(§§.###
#####.####'###.##


You could see a demonic crawler.

Vanquished Creatures
  2 centaur warriors (D)
  Sonja (D)
  A deep troll (D)
  2 kobold demonologists (D)
  3 demonic crawlers (D)
  A slime creature (D)
  Sigmund (D)
  A yak (D)
  A floating eye (D)
  An ogre (D)
  A jelly (D)
  Ijyb (D)
  6 ballistomycetes (D)
  A ballistomycete spore (D)
23 creatures vanquished.

Vanquished Creatures (others)
  A ballistomycete spore (D)
1 creature vanquished.

Grand Total: 24 creatures vanquished

Notes
Turn   | Place    | Note
-------+----------+-------------------------------------------
     0 | D        | JustSomeDude the Vampire Assassin began the quest for the Orb.
     0 | D        | Reached XP level 1. HP: 16/16 MP: 1/1
     1 | D        | Noticed Ijyb
     4 | D        | Killed Ijyb
     4 | D        | Reached skill level 9 in Stealth
     4 | D        | Reached XP level 2. HP: 22/22 MP: 2/2
     7 | D        | Noticed an ogre
    10 | D        | Killed an ogre
    10 | D        | Reached skill level 13 in Stealth
    10 | D        | Reached XP level 3. HP: 28/28 MP: 3/3
    10 | D        | Reached XP level 4. HP: 34/34 MP: 4/4
    19 | D        | Noticed Sigmund
    44 | D        | Killed Sigmund
    44 | D        | Reached skill level 16 in Stealth
    44 | D        | Reached XP level 5. HP: 8/41 MP: 5/5
    44 | D        | Reached XP level 6. HP: 10/47 MP: 6/6
   302 | D        | Found a deep blue altar of Sif Muna.
   304 | D        | Found a radiant altar of Vehumet.
   313 | D        | Reached skill level 5 in Short Blades
   316 | D        | Found Meucs's Gadget Emporium.
   316 | D        | Found an ancient bone altar of Kikubaaqudgha.
   316 | D        | Found a hazy altar of Hepliaklqana.
   316 | D        | Found a stormy altar of Qazlal.
   316 | D        | Found a hide-covered altar of Uskayaw.
   316 | D        | Found a blossoming altar of Fedhas.
   316 | D        | Found a bloodstained altar of Trog.
   316 | D        | Found an iron altar of Okawaru.
   316 | D        | Found a basalt altar of Yredelemnul.
   316 | D        | Found a glowing golden altar of the Shining One.
   316 | D        | Found a snail-covered altar of Cheibriados.
   316 | D        | Found a sacrificial altar of Ru.
   316 | D        | Found a glowing silver altar of Zin.
   316 | D        | Found a shadowy altar of Dithmenos.
   316 | D        | Found a white marble altar of Elyvilon.
   316 | D        | Noticed a yak
   317 | D        | Found an opulent altar of Gozag.
   318 | D        | Killed a yak
   318 | D        | Reached skill level 17 in Stealth
   333 | D        | Found a sparkling altar of Nemelex Xobeh.
   339 | D        | Bought a wand of acid (5/15) for 180 gold pieces
   352 | D        | Noticed Sonja
   355 | D        | Killed Sonja
   355 | D        | Reached skill level 20 in Stealth
   355 | D        | Reached XP level 7. HP: 50/55 MP: 7/7
   355 | D        | Reached XP level 8. HP: 55/61 MP: 8/8
   563 | D        | Became a worshipper of Dithmenos the Shadowed
   575 | D        | Noticed a deep troll
   579 | D        | Killed a deep troll
   579 | D        | Reached skill level 5 in Fighting
   579 | D        | Reached skill level 22 in Stealth
   585 | D        | Found Hutuesyo's Armour Emporium.
   626 | D        | Found a burning altar of Makhleb.
   626 | D        | Found a viscous altar of Jiyva.
   626 | D        | Found a shimmering altar of Xom.
   626 | D        | Found a corrupted altar of Lugonu.
   626 | D        | Noticed a slime creature
   629 | D        | Killed a slime creature
   629 | D        | Reached skill level 5 in Throwing
   629 | D        | Reached skill level 1 in Evocations
   642 | D        | Noticed a kobold demonologist
   643 | D        | Noticed a kobold demonologist
   645 | D        | Reached * piety under Dithmenos
   647 | D        | Killed a kobold demonologist
   647 | D        | Reached skill level 23 in Stealth
   647 | D        | Reached XP level 9. HP: 69/69 MP: 9/9
   648 | D        | Killed a kobold demonologist
   928 | D        | Learned a level 5 spell: Lee's Rapid Deconstruction
   945 | D        | Noticed a centaur warrior
   945 | D        | Noticed a centaur warrior
   970 | D        | Killed a centaur warrior
   970 | D        | Reached ** piety under Dithmenos
   970 | D        | Reached skill level 24 in Stealth
   983 | D        | Killed a centaur warrior
  1281 | D        | Noticed a demonic crawler
  1281 | D        | Noticed a demonic crawler
  1281 | D        | Noticed a demonic crawler
  1281 | D        | Noticed a demonic crawler
  1283 | D        | Killed a demonic crawler
  1283 | D        | Reached XP level 10. HP: 77/77 MP: 13/15
  1284 | D        | Reached skill level 25 in Stealth
  1286 | D        | Reached *** piety under Dithmenos
  1299 | D        | HP: 2/77 [demonic crawler (4)]
  1301 | D        | Slain by a demonic crawler

Skill      XL: |  1  2  3  4  5  6  7  8  9 10 |
---------------+-------------------------------+-----
Fighting       | 2 3 4 5 6 |  6.7
Throwing       | 2 3 4 5 |  5.5
Stealth        | 9 13 16 20 23 24 25 | 25.1
Short Blades   | 3 4 7 8 9 |  9.9
Dodging        | 2 3 4 |  4.0
Evocations     | 1 |  1.5
Spellcasting   | 3 4 |  4.1
Earth Magic    | 3 4 |  4.6

Action                   |  1- 3 |  4- 6 |  7- 9 | 10-12 || total
-------------------------+-------+-------+-------+-------++-------
Melee: Dagger            |     2 |    29 |    83 |    10 ||   124
       Bite              |       |     1 |    18 |     4 ||    23
Evoke: Wand              |       |     2 |     1 |     2 ||     5
  Use: Potion            |       |       |     4 |     2 ||     6
 Stab: Sleeping          |     2 |     1 |     6 |     2 ||    11
Armor: Robe              |       |     1 |     1 |     3 ||     5
Dodge: Dodged            |       |    15 |     9 |    14 ||    38
